 Dungeon Crawl Stone Soup version 0.31-a0-977-gc230f8ef24 (webtiles) character file.

Game seed: 13205316214835754980

1526 AIAndy the Mimic (level 8, -1/48 HPs)
             Began as an Octopode Shapeshifter on Oct 29, 2023.
             Was a Priest of Dithmenos.
             Killed from afar by a steam dragon (17 damage)
             ... with a ball of steam
             ... on level 7 of the Dungeon.
             The game lasted 00:15:39 (6121 turns).

AIAndy the Mimic (Octopode Shapeshifter)            Turns: 6121, Time: 00:15:39

Health: -1/48      AC:  1    Str: 15    XL:     8   Next: 85%
Magic:  8/8        EV: 13    Int: 12    God:    Dithmenos [***...]
Gold:   367        SH:  0    Dex: 12    Spells: 7/7 levels left

rFire   . .          .
                       - Unarmed
rCold   . . .        (no shield)
rNeg    . . .        (helmet currently unavailable)
rPois   +            (no amulet)
rElec   .            P - ring of poison resistance
rCorr   .            (no ring)
SInv    .            (no ring)
Will    .....        (no ring)
Stlth   +++          (no ring)
HPRegen 0.28/turn    (no ring)
MPRegen 0.11/turn    (no ring)
                     (no ring)

%: no passive effects
@: beast-form, wreathed by umbra
A: beast (slay +4), almost no armour, amphibious, 8 rings, camouflage 1,
gelatinous body 1, (nimble swimmer 1), tentacles
a: Begin Untransformation, Renounce Religion, Shadow Step


You were on level 7 of the Dungeon.
You worshipped Dithmenos.
Dithmenos was most pleased with you.
You were a hulking beast.
You visited 1 branch of the dungeon, and saw 7 of its levels.

You collected 367 gold pieces.


Innate Abilities, Weirdness & Mutations

You are a hulking beast.
Your limbs bulge with bestial killing power. (Slay +4)
You cannot wear most types of armour.
You are amphibious.
You can wear up to eight rings at the same time.
Your skin changes colour to match your surroundings (Stealth+).
Your rubbery body absorbs attacks. (AC +1, EV +1)
((You are camouflaged when in or above water. (Stealth+)))
You have tentacles for arms and can constrict up to eight enemies at once.


   Skills:
 - Level 1.0 Fighting
 - Level 2.0 Dodging
 - Level 4.7 Unarmed Combat
 + Level 9.8 Shapeshifting


You had 7 spell levels left.
You didn't know any spells.
Your spell library contained the following spells:

 Spells                   Type           Power      Damage    Failure   Level
 Slow                     Hex            0%         N/A       32%         1
 Poisonous Vapours        Pois/Air       0%         N/A       45%         2
 Confusing Touch          Hex            0%         N/A       69%         3
 Frozen Ramparts          Ice            0%         1d1       69%         3
 Sigil of Binding         Hex            0%         N/A       69%         3
 Vampiric Draining        Necr           0%         2d6       69%         3
 Petrify                  Tmut/Erth      0%         N/A       97%         4
 Lee's Rapid Deconstruct  Erth           0%         3d4*      100%        5
 Metabolic Englaciation   Hex/Ice        0%         N/A       100%        5

Inventory:

Missiles
 u - a throwing net {=f}
Jewellery
 c - a ring of ice
 H - an amulet of faith {!P}
 P - a ring of poison resistance (left tentacle)
Talismans
 b - a beast talisman
 t - a granite talisman
 C - a flux talisman
Wands
 s - a wand of roots (15)
 x - a wand of digging (4)
Scrolls
 e - a scroll of acquirement {unknown}
 f - 5 scrolls of identify {unknown}
 h - a scroll of enchant weapon {unknown}
 i - a scroll of revelation {unknown}
 j - 6 scrolls of teleportation {unknown}
 l - a scroll of fear {unknown}
 m - 2 scrolls of blinking {unknown}
 r - 2 scrolls of immolation {unknown}
 v - a scroll of brand weapon {unknown}
 y - a scroll of amnesia {unknown}
 B - a scroll of poison {unknown}
Potions
 a - 2 potions of lignification {!q}
 d - a potion of magic {unknown}
 g - 3 potions of might {unknown}
 k - a potion of enlightenment {unknown}
 n - 2 potions of brilliance {unknown}
 o - a potion of haste {unknown}
 p - a potion of attraction {unknown}
 q - 2 potions of curing {unknown}
 w - 2 potions of heal wounds {unknown}
 z - a potion of degeneration {unknown}
 A - a potion of berserk rage {unknown}
 D - a potion of invisibility {unknown}

Dungeon Overview and Level Annotations

Branches:
Dungeon (7/15)
 Temple: D:4-7

Altars:
Ashenzari
Dithmenos
Elyvilon
Sif Muna
Trog
Xom

Shops:
D:4 (:[   D:7 ?

Annotations:
D:2 1 runed translucent door, Crazy Yiuf
D:5 2 runed translucent doors

#....#......#
#...##......#
##...#...#...##
#.^..#...#....#
#...##...##§..#
#...#.....#§..#
#...#.....#§..#
#...#.....#§..#
#...#.).(.#§h.#
#...#.....#.§.#
#...#.....#D§.#
#...#.....#...#
#...##...##...#
#....#...#....#
##...#...#...##
#......##...#
#......#....#


You could see a steam dragon (catching breath).


Message History

You constrict the shadow imp. The shadow imp closely misses you.
You bludgeon the shadow imp!
You kill the shadow imp!
Dithmenos accepts your kill.
You pick up Hoebboh's Incunable of the Xenolith and the Sky and begin reading...
You add the spells Poisonous Vapours and Lee's Rapid Deconstruction to your library.
j - 6 scrolls labelled JIKEEPH LEOT (gained 1)
You see here a +0 war axe.
You now have 354 gold pieces (gained 17).
q - 2 puce potions (gained 1)
You now have 367 gold pieces (gained 13).
You see here 3 stones.
Found a leather armour.
You see here a +0 leather armour.
A steam dragon comes into view.
You tentacle-slap the steam dragon. You squeeze the steam dragon!
The steam dragon is moderately wounded.
The steam dragon breathes steam at you. The ball of steam hits you!
You hear an angry hiss.
You barely miss the steam dragon. Your squeeze misses the steam dragon.
The steam dragon is moderately wounded.
You are engulfed in a cloud of scalding steam.
The steam dragon bites you!
* * * LOW HITPOINT WARNING * * *
The steam dragon claws you.
* * * LOW HITPOINT WARNING * * *
The steam dragon breathes steam at you. The ball of steam hits you!
You die...

Skill      XL: |  1  2  3  4  5  6  7  8 |
---------------+-------------------------+-----
Unarmed Combat | 4 |  4.7
Shapeshifting  | 4 5 6 7 9 |  9.8
Fighting       | |  1.0
Dodging        | |  2.0

Action                     |  1- 3 |  4- 6 |  7- 9 || total
---------------------------+-------+-------+-------++-------
  Melee: Unarmed           |    82 |   120 |   107 ||   309
         Constrict         |    16 |    34 |    30 ||    80
         Tentacles         |     6 |    25 |    29 ||    60
         Punch             |     1 |     6 |     4 ||    11
  Evoke: Wand              |       |     2 |     6 ||     8
   Stab: Sleeping          |     5 |    14 |     6 ||    25
 Armour: Skin              |    32 |    50 |    43 ||   125
  Dodge: Dodged            |    40 |    52 |    56 ||   148

Levels and vault maps discovered:
D:1:      minmay_arrival_shattered_statue, layout_loops_ring,
          minmay_pentomino_o4
D:2:      layout_basic, uniq_crazy_yiuf_cottage
D:3:      layout_basic, ashenzari_altar_1, nicolae_sif_muna_condensation,
          dreamdust_ecumenical_altar_statues, uniq_ijyb
D:4:      layout_loops_ring, nicolae_shop_distant_corner_stores, minivault_25
D:5:      lemuel_insect_pit, layout_basic
D:6:      layout_basic, mainiacjoe_overflow_brackets,
          gammafunk_temple_overflow_wave
D:7:      kennysheep_spiral_hall, layout_basic, minmay_temple_entry_hall,
          serial_shops, nicolae_stop_n_shop_1, nicolae_shop_rolled_up,
          nicolae_shop_pleasant_corner_grove, shop

Notes
Turn   | Place    | Note
-------+----------+-------------------------------------------
     0 | D:1      | AIAndy the Octopode Shapeshifter began the quest for the
                  | Orb.
     0 | D:1      | Reached XP level 1. HP: 13/13 MP: 1/1
   207 | D:1      | Reached XP level 2. HP: 17/18 MP: 2/2
   442 | D:1      | Reached XP level 3. HP: 18/23 MP: 3/3
  1226 | D:2      | Reached skill level 4 in Unarmed Combat
  1226 | D:2      | Reached XP level 4. HP: 26/28 MP: 4/4
  1488 | D:2      | Reached skill level 4 in Shapeshifting
  1716 | D:2      | Found a runed translucent door.
  1717 | D:2      | Noticed Crazy Yiuf
  1771 | D:3      | Found a broken altar of Ashenzari.
  1775 | D:3      | Noticed Ijyb
  1798 | D:3      | Reached XP level 5. HP: 24/33 MP: 5/5
  1886 | D:3      | Found a faded altar of an unknown god.
  1891 | D:3      | Prayed at the altar of an unknown god.
  1891 | D:3      | Became a worshipper of Dithmenos the Shadowed
  1891 | D:3      | Reached * piety under Dithmenos
  1920 | D:3      | Killed Ijyb
  2346 | D:4      | Reached skill level 5 in Shapeshifting
  2346 | D:4      | Reached XP level 6. HP: 20/38 MP: 6/6
  2357 | D:4      | Reached ** piety under Dithmenos
  2720 | D:4      | Found Dichoiv's Weapon Shop.
  2720 | D:4      | Found Taoraemn's Book Shop.
  2721 | D:4      | Found Ceeru's Antique Armour Shop.
  3108 | D:3      | Found a shimmering blue altar of Sif Muna.
  3362 | D:5      | Entered Level 5 of the Dungeon
  3591 | D:5      | Reached skill level 6 in Shapeshifting
  3646 | D:5      | Reached XP level 7. HP: 7/43 MP: 7/7
  3871 | D:5      | Found a runed translucent door.
  3873 | D:5      | Found a runed translucent door.
  3873 | D:5      | Noticed a vampire mosquito
  4644 | D:6      | Found a shimmering altar of Xom.
  4660 | D:6      | Reached *** piety under Dithmenos
  4661 | D:6      | Reached skill level 7 in Shapeshifting
  5228 | D:6      | Reached XP level 8. HP: 48/48 MP: 8/8
  5231 | D:6      | Reached skill level 8 in Shapeshifting
  5493 | D:6      | Found a bloodstained altar of Trog.
  5493 | D:6      | Found a white marble altar of Elyvilon.
  5599 | D:7      | Identified the of Hezoqon
  5599 | D:7      | Found Link's Magic Scroll Boutique.
  5923 | D:7      | Reached skill level 9 in Shapeshifting
  6121 | D:7      | Killed from afar by a steam dragon

Vanquished Creatures
  A sky beast (D:6)
  4 bullfrogs (D:7)
  A gnoll sergeant (D:7)
  4 wights (D:6)
  4 howler monkeys
  3 hounds
  3 jellies
  Ijyb (D:3)
  3 iguanas (D:5)
  A sleepcap (D:6)
  4 orc wizards
  12 gnolls
  10 adders
  A shadow imp (D:7)
  2 white imps
  4 worms
  A dart slug (D:3)
  20 orcs
  11 ball pythons
  5 bats
  6 endoplasms
  4 giant cockroaches
  6 goblins
  8 hobgoblins
  7 jackals
  3 quokkas
  6 frilled lizards
  2 kobolds
  5 rats
142 creatures vanquished.

Table legend: (Time is in decaauts)
 A = Elapsed time spent in this place.
 B = Non-inter-level travel time spent in this place.
 C = Inter-level travel time spent in this place.
 D = Time resting spent in this place.
 E = Time spent auto-exploring this place.
 F = Levels seen in this place.
 G = Mean time per level.
                   A        B        C        D        E       F      G
               +--------+--------+--------+--------+--------+-----+--------+
         Total |   6099 |   5828 |    271 |    221 |   4594 |   7 |  871.3 |
       Dungeon |   6099 |   5828 |    271 |    221 |   4594 |   7 |  871.3 |
               +--------+--------+--------+--------+--------+-----+--------+

Top non-repeatable levels by time:
     D:5: 1201 daAuts
     D:6: 1161 daAuts
     D:2: 1103 daAuts
     D:4: 786 daAuts
     D:3: 781 daAuts
     D:1: 682 daAuts
     D:7: 380 daAuts

Table legend:
 A = Non-vault XP
 B = Vault XP
 C = Vault XP percentage of total XP
 D = Non-vault monster count
 E = Vault monster count
 F = Vault count percentage of total count
                 A         B        C        D         E       F
            +---------+---------+-------+---------+---------+-------
      Total |    1996 |     185 |   8.5 |     134 |       8 |   5.6
            +---------+---------+-------+---------+---------+-------
        D:1 |      35 |       8 |  18.6 |      22 |       4 |  15.4
        D:2 |      94 |       0 |   0.0 |      24 |       0 |   0.0
        D:3 |      91 |      36 |  28.3 |      25 |       1 |   3.8
        D:4 |     180 |       0 |   0.0 |      17 |       0 |   0.0
        D:5 |     310 |       0 |   0.0 |      13 |       0 |   0.0
        D:6 |     682 |       0 |   0.0 |      18 |       0 |   0.0
        D:7 |     604 |     141 |  18.9 |      15 |       3 |  16.7
            +---------+---------+-------+---------+---------+-------
